 Dungeon Crawl Stone Soup version 0.26.1-11-gd32895ea62 (webtiles) character file.

Game seed: 2344263577923529224

22 seveneves the Shield-Bearer (level 2, 0/27 HPs)
             Began as a Minotaur Fighter on July 23, 2021.
             Slain by a quokka (3 damage)
             ... on level 2 of the Dungeon.
             The game lasted 00:02:15 (720 turns).

seveneves the Shield-Bearer (Minotaur Fighter)       Turns: 720, Time: 00:02:15

Health: 0/27       AC:  7    Str: 20    XL:     2   Next: 68%
Magic:  1/1        EV:  7    Int:  5    God:
Gold:   59         SH: 10    Dex:  9    Spells: 1/1 levels left

rFire    . . .     SeeInvis .   a - +0 long sword
rCold    . . .     Faith    .   c - +1 kite shield
rNeg     . . .     Spirit   .   b - +0 scale mail
rPois    .         Reflect  .   (helmet restricted)
rElec    .         Harm     .   (no cloak)
rCorr    .         Rampage  .   (no gloves)
Will     .....                  (no boots)
Stlth    ..........             (no amulet)
HPRegen  0.09/turn              (no ring)
MPRegen  0.07/turn              (no ring)

@: no status effects
A: retaliatory headbutt, horns 2
a: no special abilities


You were on level 2 of the Dungeon.
You visited 1 branch of the dungeon, and saw 2 of its levels.

You collected 59 gold pieces.

Inventory:

Hand Weapons
 a - a +0 long sword (weapon)
Missiles
 h - 6 javelins (quivered)
Armour
 b - a +0 scale mail (worn)
 c - a +1 kite shield (worn)
 m - a cursed +0 leather armour
Jewellery
 k - an uncursed ring of positive energy {unknown}
Scrolls
 e - a scroll of identify {unknown}
Potions
 d - a potion of might
 f - a potion of haste {unknown}
 g - a potion of berserk rage {unknown}


   Skills:
 + Level 4.0 Fighting
 + Level 2.7 Long Blades
 + Level 4.0 Armour
 + Level 4.0 Shields


You had one spell level left.
You didn't know any spells.
Your spell library was empty.

Dungeon Overview and Level Annotations

Branches:
Dungeon (2/15)

Altars:

Annotations:
D:2 Sigmund


Innate Abilities, Weirdness & Mutations

You reflexively headbutt those who attack you in melee.
You have a pair of horns on your head.


Message History

Something hits you. You block the quokka's attack.
You are too injured to fight recklessly!
You are too injured to fight recklessly!
You are too injured to fight recklessly!
Your shield and scale mail prevent you from hitting the quokka.
You block the quokka's attack. Something hits you but does no damage.
The quokka bites you but does no damage.
You closely miss the quokka.
The quokka bites you but does no damage.
Something hits you. You block the quokka's attack.
You miss the quokka. You block the quokka's attack.
Something hits you but does no damage.
You barely miss the quokka. You block the quokka's attack. Something hits you.
You block the quokka's attack.
You barely miss the quokka. The quokka bites you. Something hits you.
* * * LOW HITPOINT WARNING * * *
The quokka twitches its whiskers.
The quokka barely misses you.
You riposte.
You hit the quokka but do no damage. You closely miss the quokka.
The quokka bites you.
You die...

###########
#..........
#...$......
+..........
#..........
###.?r.......
+...@.{......
###.####.....
#.# ###.
###'###
#...(.#
#..)..#
+<....#
#.....#
#.....#


You could see a quokka.

Vanquished Creatures
  An ooze (D:1)
  A dart slug (D:1)
  5 bats (D:1)
  A giant cockroach (D:1)
  A goblin (D:1)
  2 hobgoblins
  A frilled lizard (D:2)
  2 kobolds (D:1)
  2 rats
16 creatures vanquished.

Notes
Turn   | Place    | Note
-------+----------+-------------------------------------------
     0 | D:1      | seveneves the Minotaur Fighter began the quest for the Orb.
     0 | D:1      | Reached XP level 1. HP: 19/19 MP: 0/0
   528 | D:1      | Reached XP level 2. HP: 27/27 MP: 1/1
   702 | D:2      | Noticed Sigmund
   720 | D:2      | Slain by a quokka

Illustrated notes

Levels and vault maps discovered:
D:1:      dpeg_arrival_yet_another_circle, layout_loops_cross,
          chequers_serial_rivers_micro_c, minmay_misc_feat_roman
D:2:      layout_basic, old_standard_altar, grunt_dithmenos_smoke_and_mirrors,
          uniq_sigmund

Skill      XL: |  1  2 |
---------------+-------+-----
Shields        | 4 |  4.0
Fighting       | 4 |  4.0
Armour         | 4 |  4.0
Long Blades    | |  2.7

Action                   || total
-------------------------++-------
Melee: Long sword        ||    38
       Headbutt          ||     2
  Use: Scroll            ||     4
Armor: Scale mail        ||    21
Dodge: Dodged            ||    14
Block: Kite shield       ||    21
       Rpst.: Long sword ||     3
